Map: Orbital Shipyard

Players

TheMagicMan

  • Race: Protoss Protoss
  • League: Gold

Grumm - Winner!

  • Race: Protoss Protoss
  • League: Gold

VOD

Have the link to the VOD?

Description

Time

  • Played on: Feb. 14, 2016, 2:11 p.m.
  • Length: 9:41
Show
View Real Time Build Order
Export as new Build Order

TheMagicMan Protoss 

Build Orders:  

Get SALT Encoding   

  12  0:03  Probe (Chrono Boost)  
  13  0:13  Probe (Chrono Boost)  
  14  0:25  Pylon  
  14  0:30  Probe (Chrono Boost)  
  15  0:43  Probe (Chrono Boost)  
  15  0:46  Forge  
  16  0:51  Pylon  
  16  0:58  Probe (Chrono Boost)  
  17  1:09  Probe (Chrono Boost)  
  18  1:22  Probe (Chrono Boost)  
  19  1:32  Photon Cannon  
  19  1:33  Probe (Chrono Boost)  
  20  1:47  Nexus  
  20  1:55  Assimilator  
  20  2:04  Pylon  
  20  2:13  Assimilator  
  20  2:18  Gateway  
  20  2:20  Probe (Chrono Boost)  
  21  2:30  Probe (Chrono Boost)  
  22  2:39  Photon Cannon  
  22  2:41  Probe (Chrono Boost)  
  24  2:51  Probe (Chrono Boost)  
  24  2:58  Photon Cannon  
  24  3:00  Pylon  
  24  3:09  Photon Cannon  
  24  3:10  Probe (Chrono Boost)  
  25  3:15  Assimilator  
  25  3:20  Probe (Chrono Boost), Zealot  
  28  3:31  Probe (Chrono Boost)  
  28  3:33  Assimilator  
  29  3:35  Probe (Chrono Boost)  
  30  3:45  Assimilator  
  30  3:46  Probe (Chrono Boost)  
  31  3:57  Probe (Chrono Boost)  
  31  3:58  Cybernetics Core  
  30  4:05  Photon Cannon  
  30  4:07  Photon Cannon  
  22  4:18  Zealot  
  17  4:42  Probe (Chrono Boost)  
  19  4:53  Probe (Chrono Boost)  
  15  5:22  Zealot  
  15  5:25  Probe (Chrono Boost)  
  15  5:35  Probe (Chrono Boost)  
  15  5:46  Probe (Chrono Boost)  
  14  5:56  Probe (Chrono Boost)  
  13  6:07  Probe (Chrono Boost)  
  13  6:08  Zealot  
  17  6:18  Probe (Chrono Boost)  
  15  6:29  Probe (Chrono Boost)  
  16  6:35  Probe (Chrono Boost)  
  17  6:45  Probe (Chrono Boost)  
  17  6:46  Probe (Chrono Boost)  
  19  6:56  Probe (Chrono Boost)  
  19  6:57  Probe (Chrono Boost)  
  21  7:06  Probe (Chrono Boost)  
  21  7:07  Probe (Chrono Boost)  
  21  7:16  Photon Cannon  
  16  7:38  Probe (Chrono Boost)  
  17  7:45  Pylon  
  17  7:46  Pylon  
  17  7:48  Probe (Chrono Boost)  
  17  7:50  Assimilator  
  18  7:59  Probe (Chrono Boost)  
  18  8:00  Probe (Chrono Boost)  
  20  8:09  Probe (Chrono Boost)  
  20  8:20  Probe (Chrono Boost)  
  21  8:30  Probe (Chrono Boost)  
  22  8:34  Cybernetics Core  
  22  8:39  Photon Cannon  
  21  8:42  Photon Cannon  
  21  8:48  Photon Cannon  
  21  8:49  Probe (Chrono Boost)  
  22  8:59  Pylon  
  18  9:26  Stargate  
Show
View Real Time Build Order
Export as new Build Order

Grumm Protoss - Winner!

Build Orders: Double Forge 

Get SALT Encoding   

  12  0:12  Pylon  
  12  0:13  Probe (Chrono Boost)  
  13  0:23  Probe (Chrono Boost)  
  14  0:32  Gateway  
  14  0:35  Probe (Chrono Boost)  
  15  0:46  Probe (Chrono Boost)  
  16  0:56  Probe (Chrono Boost)  
  17  1:03  Gateway  
  17  1:09  Assimilator, Probe (Chrono Boost)  
  18  1:24  Cybernetics Core, Zealot  
  19  1:47  Pylon  
  19  1:54  Assimilator  
  19  2:01  Zealot  
  19  2:04  Adept  
  19  2:06  Probe (Chrono Boost)  
  24  2:22  Nexus  
  24  2:28  Warp Gate (Chrono Boost)  
  26  2:38  Adept (Chrono Boost)  
  26  2:44  Probe  
  26  2:49  Adept (Chrono Boost)  
  29  2:58  Mothership Core  
  31  3:07  Pylon  
  31  3:27  Probe  
  31  3:29  Forge  
  32  3:36  Forge  
  28  4:05  Probe  
  28  4:06  Probe  
  30  4:17  Probe  
  31  4:38  Probe  
  31  4:39  Probe  
  33  4:50  Stalker x2  
  37  4:53  Robotics Facility  
  37  5:06  Protoss Ground Weapons Level 1 (Chrono Boost)  
  35  5:31  Stalker x2  
  35  5:32  Probe  
  35  5:34  Pylon  
  40  5:38  Pylon  
  40  5:42  Warp Prism (Chrono Boost), Gateway  
  40  6:39  Immortal (Chrono Boost)  
  44  6:41  Gateway  
  42  6:47  Stalker x2  
  42  6:48  Stalker  
  48  7:11  Stalker x3  
  52  7:26  Probe  
  53  7:32  Immortal (Chrono Boost)  
  57  7:58  Stalker x3  
  59  8:47  Stalker x3  
  65  8:52  Observer (Chrono Boost)  
  66  9:06  Stalker  
  66  9:16  Stalker  
  68  9:22  Stalker  
  68  9:33  Adept  
Tags
 
Add a new tag
Caveats
  • Supply blocks, unpowered buildings, or Contaminate may cause inaccurate times.
  • Supply counts are checked every 10 seconds.